Map: Acropolis LE

Players

Future

  • Race: Terran Terran
  • Spawn Location: 5:00

ShaDoWn - Winner!

  • Race: Protoss Protoss
  • Spawn Location: 11:00

Event: 2019 WCS Summer

VOD

Have the link to the VOD?

Description

Time

  • Played on: July 13, 2019, 8:20 a.m.
  • Length: 10:26

All games in this series

Show
View Real Time Build Order
Export as new Build Order

Future Terran 

Build Orders:  

Get SALT Encoding   

  12  0:00  SCV  
  13  0:12  SCV  
  14  0:17  Supply Depot  
  14  0:25  SCV  
  15  0:38  SCV  
  15  0:39  Barracks  
  16  0:42  Refinery  
  16  0:50  SCV  
  17  1:02  SCV  
  18  1:15  SCV  
  19  1:27  Orbital Command, Marine  
  20  1:46  Command Center  
  20  1:54  SCV  
  21  1:58  Factory  
  21  2:01  Barracks Reactor  
  21  2:06  SCV  
  22  2:12  Refinery  
  22  2:16  Supply Depot  
  22  2:23  SCV  
  23  2:37  SCV  
  23  2:38  Marine x2  
  23  2:42  Widow Mine  
  28  2:47  Starport  
  28  2:49  SCV  
  28  2:55  Marine  
  28  2:56  Marine  
  30  3:02  Orbital Command  
  30  3:04  SCV  
  31  3:09  Widow Mine  
  33  3:15  Bunker  
  33  3:18  SCV  
  34  3:24  Medivac  
  36  3:28  SCV  
  36  3:30  SCV  
  36  3:32  Widow Mine  
  40  3:38  Supply Depot  
  40  3:40  SCV  
  41  3:42  SCV  
  42  3:50  Marine  
  42  3:51  Marine  
  42  3:52  SCV  
  42  3:54  SCV  
  42  3:55  Factory Tech Lab  
  46  3:57  Starport Tech Lab  
  46  4:01  Supply Depot  
  46  4:04  SCV  
  46  4:08  Marine x2, SCV  
  50  4:13  Supply Depot  
  50  4:15  Siege Tank  
  50  4:16  SCV  
  54  4:22  Raven  
  54  4:23  SCV  
  57  4:26  Marine x2  
  57  4:27  Supply Depot  
  57  4:29  SCV  
  60  4:35  SCV  
  61  4:41  SCV  
  61  4:44  Marine x2  
  64  4:47  SCV  
  64  4:50  Siege Tank  
  64  4:52  Barracks  
  68  4:53  Barracks, SCV  
  68  4:56  Supply Depot  
  70  5:00  SCV  
  70  5:02  Marine x2  
  70  5:04  Engineering Bay  
  70  5:05  SCV  
  73  5:12  Refinery, SCV  
  74  5:17  SCV  
  74  5:18  Starport Reactor  
  74  5:19  Marine  
  74  5:20  Marine  
  77  5:22  Supply Depot  
  77  5:24  SCV  
  77  5:28  Refinery  
  78  5:29  SCV  
  78  5:34  Terran Infantry Weapons Level 1  
  79  5:36  SCV, Supply Depot  
  79  5:37  Factory Reactor, Marine x2  
  82  5:45  Barracks x2  
  82  5:49  SCV x2  
  84  5:51  Combat Shield  
  84  5:52  Stimpack  
  84  5:56  Marine  
  84  5:57  Marine  
  89  5:59  Supply Depot  
  89  6:02  Marine x2, Medivac  
  90  6:08  Supply Depot  
  90  6:09  Medivac  
  92  6:14  Marine x2, Widow Mine x2  
  98  6:19  Marine  
  98  6:20  Marine  
  98  6:22  Liberator  
  98  6:23  Liberator  
  100  6:27  Supply Depot  
  100  6:32  Marine x2  
  102  6:37  Marine x4  
  112  6:49  Widow Mine x2  
  112  6:50  Marine x2  
  112  6:53  Supply Depot x2  
  118  6:55  Marine x4  
  122  7:04  Liberator  
  122  7:06  Liberator  
  122  7:08  Marine x2  
  124  7:10  Supply Depot  
  124  7:12  Supply Depot  
  124  7:16  Marine x4  
  124  7:19  Widow Mine x2  
  127  7:25  Marine  
  127  7:26  Marine  
  132  7:33  Marine  
  132  7:34  Marine x3  
  136  7:43  Marine x2  
  135  7:49  Concussive Shells  
  134  7:51  Marine  
  134  7:52  Marine x3  
  137  8:01  Marine x2  
  135  8:09  Marine x3  
  103  8:13  Marine  
  103  8:19  Marine x2  
  69  8:27  Marine x3, Medivac  
  69  8:31  Marine  
  69  8:34  Medivac  
  69  8:37  Marine x2  
  73  8:45  Marine x3  
  73  8:46  Liberator  
  78  8:48  Marine, Widow Mine  
  78  8:50  Liberator  
  78  8:51  Widow Mine  
  78  8:54  Marine  
  82  8:56  Marine  
  83  9:09  Marine  
  90  9:16  Widow Mine x2  
  93  9:18  Marine  
  93  9:19  Marine  
  93  9:23  Marine x2  
  93  9:34  Marine x2  
  93  9:36  Marine  
  93  9:37  Marine  
  97  9:40  Marine x2  
  99  9:49  Medivac  
  99  9:50  Medivac  
  99  9:52  Marine  
  103  9:58  Marine x3  
  99  10:01  Marine  
Show
View Real Time Build Order
Export as new Build Order

ShaDoWn Protoss - Winner!

Build Orders: 1 Gate Expand, Double Forge, Blink Stalkers, Chargelot Immortal 

Get SALT Encoding   

  12  0:00  Probe  
  13  0:12  Probe  
  14  0:17  Pylon  
  14  0:24  Probe  
  15  0:32  Probe  
  15  0:36  Gateway  
  15  0:40  Probe  
  16  0:47  Assimilator  
  17  0:51  Probe  
  18  1:03  Probe  
  19  1:15  Probe  
  20  1:24  Cybernetics Core  
  20  1:32  Nexus  
  20  1:36  Probe  
  21  1:41  Pylon  
  21  1:48  Probe  
  21  1:49  Assimilator  
  21  1:50  Adept  
  22  2:00  Probe  
  25  2:07  Warp Gate  
  25  2:10  Stalker  
  25  2:12  Probe  
  28  2:24  Probe  
  29  2:36  Probe  
  30  2:43  Probe  
  30  2:44  Stalker  
  30  2:45  Twilight Council  
  30  2:48  Probe  
  34  2:52  Probe  
  35  3:00  Probe  
  35  3:01  Probe  
  38  3:12  Probe  
  38  3:13  Probe, Blink  
  39  3:24  Probe  
  39  3:25  Probe  
  39  3:26  Gateway  
  41  3:31  Robotics Facility  
  41  3:34  Probe  
  41  3:37  Probe, Pylon  
  41  3:40  Assimilator  
  43  3:42  Probe  
  44  3:49  Probe  
  44  3:51  Probe  
  46  3:56  Gateway  
  46  3:57  Stalker  
  46  4:01  Probe  
  49  4:03  Probe  
  50  4:10  Nexus  
  50  4:13  Observer, Probe, Pylon  
  50  4:16  Probe  
  53  4:25  Probe  
  53  4:31  Probe  
  55  4:37  Probe  
  52  4:40  Stalker x2  
  52  4:43  Probe  
  57  4:49  Probe  
  57  4:50  Forge  
  58  4:53  Stalker, Forge  
  58  4:58  Pylon  
  60  5:01  Probe  
  61  5:08  Observer  
  61  5:13  Charge  
  62  5:16  Probe  
  62  5:18  Stalker x3  
  62  5:19  Protoss Ground Weapons Level 1  
  69  5:23  Probe  
  69  5:24  Protoss Ground Armor Level 1  
  69  5:28  Probe x2  
  72  5:31  Gateway  
  72  5:33  Gateway  
  73  5:39  Gateway  
  74  5:42  Probe  
  74  5:43  Probe x2  
  74  5:47  Sentry, Immortal, Zealot  
  80  5:50  Pylon  
  80  5:55  Probe  
  85  6:01  Pylon  
  83  6:07  Gateway  
  83  6:08  Gateway  
  84  6:17  Zealot x3  
  89  6:25  Pylon  
  89  6:26  Immortal  
  89  6:32  Zealot x2  
  97  6:34  Zealot  
  97  6:39  Stalker  
  101  6:44  Pylon  
  101  6:46  Stalker x2  
  105  6:53  Zealot x2  
  109  7:00  Pylon  
  109  7:02  Pylon  
  109  7:06  Sentry, Zealot x3  
  117  7:13  Pylon  
  117  7:16  Pylon  
  117  7:18  Pylon  
  117  7:19  Zealot x4  
  117  7:21  Warp Prism  
  125  7:30  Zealot x4  
  125  7:34  Protoss Ground Armor Level 2  
  135  7:39  Shield Battery  
  135  7:40  Shield Battery  
  135  7:51  Stalker x2  
  135  7:52  Immortal  
  135  7:53  Stalker x3  
  135  7:54  Zealot x2  
  153  8:08  Zealot  
  123  8:14  Zealot x4  
  123  8:18  Observer  
  99  8:20  Zealot x3  
  99  8:22  Immortal  
  86  8:28  Zealot  
  91  8:36  Sentry x2  
  91  8:37  Stalker x2  
  99  8:43  Zealot x3  
  104  8:56  Zealot  
  106  9:03  Stalker x4  
  106  9:04  Zealot x3  
  120  9:24  Zealot x4  
  122  9:32  Stalker x4  
  130  9:40  Probe  
  131  9:48  Zealot x4  
  133  10:05  Stalker x4  
  139  10:09  Nexus  
  137  10:21  Zealot x4  
Tags
 
Add a new tag
Caveats
  • Supply blocks, unpowered buildings, or Contaminate may cause inaccurate times.
  • Supply counts are checked every 10 seconds.